 Dungeon Crawl Stone Soup version 0.18.1-50-g88ac8fd (webtiles) character file.

140 magog001 the Bolt Thrower (level 5, 0/41 HPs)
             Began as a Centaur Hunter on Mar 27, 2017.
             Slain by Grinder (3 damage)
             ... on level 3 of the Dungeon.
             The game lasted 00:17:58 (2812 turns).

magog001 the Bolt Thrower (Centaur Hunter)          Turns: 2812, Time: 00:17:59

Health: 0/41       AC:  6    Str: 16    XL:     5   Next: 2%
Magic:  5/5        EV:  6    Int: 10    God:
Gold:   102        SH:  7    Dex:  9    Spells: 0 memorised, 4 levels left

rFire  . . .     SeeInvis .     l - +0 dagger (freeze)
rCold  . . .     Gourm    .     g - +0 ring mail
rNeg   . . .     Faith    .     e - +0 shield
rPois  .         Spirit   .     (no helmet)
rElec  .         Dismiss  .     (no cloak)
rCorr  .         Reflect  .     r - +0 pair of gloves
SustAt .         Harm     .     (no barding)
MR     .....                    (no amulet)
Stlth  ..........               (no ring)
                                (no ring)

@: very quick, not resistant to hostile enchantments, extremely unstealthy
A: hooves 3, deformed body, speed 2, tough skin 3
a: no special abilities


You were on level 3 of the Dungeon.
You were not hungry.

You visited 1 branch of the dungeon, and saw 3 of its levels.

You collected 102 gold pieces.

Inventory:

Hand Weapons
 a - a +1 hand crossbow
 b - a +0 short sword
 l - a +0 dagger of freezing (weapon)
Missiles
 m - 56 stones (quivered)
 t - 18 sling bullets
Armour
 e - a +0 shield (worn)
 g - a +0 ring mail (worn)
 r - a +0 pair of gloves (worn)
Scrolls
 c - a scroll of amnesia {unknown}
 h - a scroll of teleportation {unknown}
 i - a scroll of identify
 o - a scroll of remove curse
 p - a scroll of enchant weapon {unknown}
Potions
 j - 2 potions of cancellation {unknown}
 k - a potion of ambrosia {unknown}
 s - a potion of degeneration {unknown}
 u - a potion of might {unknown}
 v - a potion of magic {unknown}
Comestibles
 f - 2 bread rations
 n - 2 chunks of flesh
 q - a beef jerky


   Skills:
 + Level 2.0 Fighting
 * Level 6.3 Crossbows
 * Level 1.0 Armour
 * Level 1.9 Dodging
 + Level 0.5 Stealth
 * Level 0.3 Shields


You had 4 spell levels left.
You didn't know any spells.

Dungeon Overview and Level Annotations

Branches:
Dungeon (3/15)

Altars:
Fedhas
Qazlal
Yredelemnul

Annotations:
D:3 Grinder


Innate Abilities, Weirdness & Mutations

You have hooves in place of feet.
Armour fits poorly on your strangely shaped body.
You cover ground very quickly.
You have extremely tough skin (AC +3).


Message History

Aim: Grinder (severely wounded, unusually agile)
You throw a stone. The stone barely misses Grinder.
Grinder gestures at you. Pain shoots through your body!
* * * LOW HITPOINT WARNING * * *
Throwing (i - inventory):
m - 57 stones (quivered)
Press: ? - help, Shift-Dir - straight line, f/p - Grinder
Aim: Grinder (severely wounded, unusually agile)
You throw a stone.
The stone hits Grinder but does no damage.
Grinder is severely wounded.
Grinder is no longer unusually agile.
Grinder blinks!
You block Grinder's attack.
You hit Grinder but do no damage. Your kick misses Grinder.
Grinder is severely wounded.
Grinder closely misses you.
You hit Grinder but do no damage.
Grinder is severely wounded.
Grinder hits you.
You die...

..#...#
##.....###.###.#.####
..###########.##..#
#.# #.#)#..## ###
#.............# #.#
#.#.#≈≈.#
#####.#.....#.##.##
#.# #..§§_≈(#
..................#
#.# #.#§≈.§^#
#####.......###..##
#.# #...≈§..# ..#
###.#.#......####÷#
##....... ..+
.....#..##.......#
##.P.... ..#
#######)..'.@.#####
#.P.PP. ..#.
###+##...#..5####


#PP_PP. .....#.......[.......# ...PPPP.# #.#.........#..(.....# .###.PP##
.+.....<...#........# # #(#.# #.........#........# ...#.# #............(..####
#.###.## #...#######.....###### #. #... #### ##........... #### You could see
Grinder.

Vanquished Creatures
  Jessica (D:3)
  3 gnolls (D:3)
  2 adders
  2 worms (D:2)
  A dart slug (D:2)
  3 giant geckos
  5 bats
  3 giant cockroaches (D:2)
  7 goblins
  9 hobgoblins
  7 kobolds
  A ball python (D:2)
  6 giant newts
  10 rats
  A spectral orc (D:2)
61 creatures vanquished.

Notes
Turn   | Place    | Note
--------------------------------------------------------------
     0 | D:1      | magog001 the Centaur Hunter began the quest for the Orb.
     0 | D:1      | Reached XP level 1. HP: 17/17 MP: 1/1
   236 | D:1      | Reached XP level 2. HP: 24/24 MP: 2/2
   648 | D:1      | Reached skill level 5 in Crossbows
  1173 | D:2      | Found a basalt altar of Yredelemnul.
  1423 | D:2      | Reached XP level 3. HP: 29/29 MP: 3/3
  2162 | D:3      | Noticed Jessica
  2164 | D:3      | Killed Jessica
  2164 | D:3      | Reached XP level 4. HP: 36/36 MP: 4/4
  2214 | D:3      | Reached skill level 6 in Crossbows
  2653 | D:3      | Reached skill level 1 in Armour
  2653 | D:3      | Reached XP level 5. HP: 38/41 MP: 5/5
  2706 | D:3      | Found a stormy altar of Qazlal.
  2706 | D:3      | Found a blossoming altar of Fedhas.
  2783 | D:3      | Noticed Grinder
  2792 | D:3      | Paralysed by Grinder for 5 turns
  2812 | D:3      | Slain by Grinder

Skill      XL: |  1  2  3  4 |
---------------+-------------+-----
Crossbows      | 5 6 |  6.3
Armour         | 1 |  1.0
Fighting       | |  2.0
Dodging        | |  1.9
Stealth        | |  0.5
Shields        | |  0.3

Action                   |  1- 3 |  4- 6 || total
-------------------------+-------+-------++-------
Melee: Dagger            |       |    29 ||    29
       Kick              |       |     6 ||     6
 Fire: Hand crossbow     |   107 |    35 ||   142
Throw: Stone             |       |    23 ||    23
  Use: Scroll            |     4 |       ||     4
       Potion            |       |     2 ||     2
  Eat: Chunk             |     2 |     1 ||     3
       Beef jerky        |       |     1 ||     1
Armor: Leather armour    |     4 |       ||     4
       Ring mail         |    11 |    26 ||    37
Dodge: Dodged            |    12 |    22 ||    34
Block: Shield            |    14 |    16 ||    30
